 Dungeon Crawl Stone Soup version 0.19.1 (webtiles) character file.

3696 Ladykiller69 the Grappler (level 9, -9/81 HPs)
             Began as a Troll Fighter on Nov 24, 2016.
             Was a Follower of Uskayaw.
             Mangled by an orc knight
             ... wielding a +0 dire flail
              (16 damage)
             ... on level 7 of the Dungeon.
             The game lasted 00:13:38 (4970 turns).

Ladykiller69 the Grappler (Troll Fighter)           Turns: 4970, Time: 00:13:38

Health: -9/81      AC:  5    Str: 26      XL:     9   Next: 90%
Magic:  4/8        EV: 10    Int:  1 (4)  God:    Uskayaw [*.....]
Gold:   269        SH: 11    Dex: 12      Spells: 0 memorised, 8 levels left

rFire  . . .     SeeInvis .       - Unarmed
rCold  . . .     Gourm    +     a - +0 robe
rNeg   . . .     Faith    .     b - +0 shield
rPois  .         Spirit   .     (helmet restricted)
rElec  .         Reflect  .     O - +0 cloak
rCorr  .         Harm     .     (gloves unavailable)
MR     .....                    (boots unavailable)
Stlth  +.........               (no amulet)
                                (no ring)
                                (no ring)

@: no status effects
A: unfitting armour, claws 3, deformed body, fast metabolism 3, gourmand,
regeneration 1, shaggy fur 1, tough skin 2
a: Stomp, Renounce Religion


You were on level 7 of the Dungeon.
You worshipped Uskayaw.
Uskayaw was noncommittal.
You were very full.

You visited 2 branches of the dungeon, and saw 8 of its levels.

You collected 269 gold pieces.

Inventory:

Missiles
 e - 306 stones (quivered)
 h - 5 large rocks
 A - 5 tomahawks
Armour
 a - a +0 robe (worn)
 b - a +0 shield (worn)
 O - a +0 cloak (worn)
Jewellery
 r - an uncursed ring of resist corrosion {unknown}
 v - an uncursed ring of fire {unknown}
 w - an uncursed ring of wizardry {unknown}
 D - an uncursed ring of ice {unknown}
 E - a cursed ring of loudness {unknown}
 H - an uncursed amulet of faith {unknown}
 I - an uncursed ring of protection from fire {unknown}
 L - a cursed amulet of inaccuracy {unknown}
 U - an uncursed ring of flight {unknown}
Scrolls
 f - 6 scrolls of identify {unknown}
 k - 2 scrolls of remove curse {unknown}
 n - 4 scrolls of teleportation {unknown}
 p - 2 scrolls of recharging {unknown}
 z - 3 scrolls of blinking {unknown}
 G - a scroll of random uselessness {unknown}
 J - 2 scrolls of enchant weapon {unknown}
 N - a scroll of fear {unknown}
 R - a scroll of amnesia {unknown}
Potions
 c - a potion of might
 g - 2 potions of haste {unknown}
 i - 4 potions of curing {unknown}
 j - 3 potions of degeneration {unknown}
 m - 2 potions of cure mutation {unknown}
 o - a potion of lignification {unknown}
 q - a potion of brilliance {unknown}
 s - 2 potions of agility {unknown}
 u - 2 potions of heal wounds {unknown}
 B - a potion of invisibility {unknown}
 C - a potion of berserk rage {unknown}
 Q - a potion of flight {unknown}
Books
 y - a book of Cantrips

   Spells                             Type                      Level
   a - Confusing Touch                Hexes                        1
   b - Animate Skeleton               Necromancy                   1
   c - Summon Small Mammal            Summoning                    1
   d - Apportation                    Translocation                1
 F - a book of Minor Magic

   Spells                             Type                      Level
   a - Magic Dart                     Conjuration                  1
   b - Blink                          Translocation                2
   c - Call Imp                       Summoning                    2
   d - Repel Missiles                 Charms/Air                   2
   e - Slow                           Hexes                        2
   f - Conjure Flame                  Conjuration/Fire             3
   g - Mephitic Cloud                 Conjuration/Poison/Air       3
 P - a Young Poisoner's Handbook

   Spells                             Type                      Level
   a - Sting                          Conjuration/Poison           1
   b - Mephitic Cloud                 Conjuration/Poison/Air       3
   c - Olgreb's Toxic Radiance        Poison                       4
   d - Alistair's Intoxication        Transmutation/Poison         5
   e - Venom Bolt                     Conjuration/Poison           5
 S - the Volume of the Frostbite
   (You found it on level 6 of the Dungeon)

   Spells                             Type                      Level
   a - Ozocubu's Armour               Charms/Ice                   3
   b - Ice Form                       Ice/Transmutation            4
Comestibles
 d - 13 bread rations
 l - 2 meat rations
 t - 3 fruits
 x - 8 chunks of flesh
 K - a royal jelly
 M - a beef jerky
 T - a slice of pizza


   Skills:
 - Level 3.0 Fighting
 - Level 3.0 Dodging
 - Level 0.2 Stealth
 + Level 8.7 Shields
 + Level 9.9 Unarmed Combat


You had 8 spell levels left.
You didn't know any spells.

Dungeon Overview and Level Annotations

Branches:
Dungeon (7/15)             Temple (1/1) D:4

Altars:
Dithmenos
Elyvilon
Fedhas
Hepliaklqana
Kikubaaqudgha
Makhleb
Okawaru
Qazlal
Ru
Sif Muna
Trog
Uskayaw
Vehumet
Xom
Yredelemnul
Zin
The Shining One

Shops:
D:7 }


Innate Abilities, Weirdness & Mutations

You are too large for most types of armour.
You have claws for hands.
Your metabolism is lightning-fast.
You like to eat raw meat.
Your natural rate of healing is unusually fast.
You are covered in fur. (AC +1)
You have very tough skin. (AC +2)
Armour fits poorly on your strangely shaped body.


Message History

The orc knight hits you with a dire flail!
* * * LOW HITPOINT WARNING * * *
Okay, then.
You claw the orc knight!
The orc knight is heavily wounded.
The orc knight hits you with a dire flail.
* * * LOW HITPOINT WARNING * * *
You can now pass through a line of other dancers.
Aiming: Line Pass
Press: ? - help, Dir - move target cursor The orc knight appears confused.
You feel somewhat less full.
You can no longer pass through a line of other dancers.
You scratch the orc knight but do no damage.
The orc knight is heavily wounded.
The orc knight seems less confused.
Okay, then.
You scratch the orc knight but do no damage.
The orc knight is heavily wounded.
The orc knight hits you with a dire flail!
You die...

....................#§§§§
.........####.......# §§§
.........#..###'##..#
.....#####..#....#..#############
.....#>..+..'....#...............
.....#..#######'##...............
.....#..##..##...#.......[.......
.....#'#.........#......[)......)
.....'∩+.#......@#.......[.......
.....#+#<#.....o.#...............
.....o...#..##...#...............
.........#..##...#...............
.........#.......'...............
..3....P.....#...######..........
≈≈≈≈≈≈≈≈≈....#####..# #..........
≈≈≈≈≈≈≈≈≈....#...#.## #..........
≈≈#####≈≈....#...#..# #.....<....


You could see an orc knight.

Vanquished Creatures
  Pikel (D:5)
  Grinder (D:3)
  A spriggan (D:7)
  The ghost of Monsterracer the Firebug, an amateur DEFE (D:4)
  Menkaure (D:7)
  Edmund (D:5)
  7 wargs (D:7)
  A phantom (D:5)
  3 orc warriors
  An ice beast (D:6)
  A bullfrog (D:6)
  A scorpion (D:4)
  A howler monkey (D:4)
  3 crimson imps
  A bullfrog zombie (D:6)
  A quasit (D:7)
  2 hounds
  A bullfrog skeleton (D:7)
  A jelly (D:5)
  6 orc wizards
  Crazy Yiuf (D:5)
  6 orc priests
  An iguana (D:6)
  Natasha (twice) (D:2)
  4 worker ants
  A hound zombie (D:5)
  A worker ant zombie (D:6)
  4 gnolls (D:5)
  4 adders
  A shadow imp (D:5)
  3 oozes
  3 adder skeletons
  4 worms
  A dart slug (D:2)
  3 leopard geckos
  42 orcs
  6 giant cockroaches
  3 hobgoblins
  5 jackals
  2 quokkas
  3 ball pythons
  5 bats
  6 frilled lizards
  3 goblins
  5 kobolds
  A leopard gecko zombie (D:6)
  5 rats
  A spectral orc (D:6)
  A fungus (D:5)
163 creatures vanquished.

Vanquished Creatures (others)
  A leopard gecko (D:5)
  A giant cockroach (D:5)
  A quokka (D:5)
  A plant (D:7)
4 creatures vanquished.

Grand Total: 167 creatures vanquished

Notes
Turn   | Place    | Note
-------+----------+-------------------------------------------
     0 | D:1      | Ladykiller69 the Troll Fighter began the quest for the Orb.
     0 | D:1      | Reached XP level 1. HP: 22/22 MP: 0/0
   375 | D:1      | Reached XP level 2. HP: 29/29 MP: 1/1
   885 | D:2      | Reached XP level 3. HP: 36/36 MP: 2/2
   886 | D:2      | Found a deep blue altar of Sif Muna.
  1114 | D:2      | Noticed Natasha
  1123 | D:2      | Killed Natasha
  1174 | D:2      | Reached XP level 4. HP: 29/44 MP: 3/3
  1443 | D:2      | Noticed Natasha
  1449 | D:2      | Killed Natasha
  1451 | D:2      | Reached skill level 3 in Unarmed Combat
  1567 | D:3      | Reached XP level 5. HP: 48/53 MP: 4/4
  1772 | D:3      | Noticed Grinder
  1779 | D:3      | Paralysed by Grinder for 6 turns
  1794 | D:3      | Killed Grinder
  1794 | D:3      | Reached skill level 4 in Unarmed Combat
  1794 | D:3      | Reached XP level 6. HP: 37/61 MP: 5/5
  1894 | D:3      | Found a burning altar of Makhleb.
  2165 | D:4      | Noticed Monsterracer's ghost (amateur DEFE)
  2181 | D:4      | Killed Monsterracer's ghost
  2181 | D:4      | Reached skill level 5 in Unarmed Combat
  2181 | D:4      | Reached XP level 7. HP: 61/67 MP: 6/6
  2459 | D:4      | Reached skill level 5 in Shields
  2637 | D:4      | Found a staircase to the Ecumenical Temple.
  2719 | Temple   | Entered the Ecumenical Temple
  2794 | Temple   | Became a worshipper of Uskayaw the Reveler
  2873 | D:4      | Reached * piety under Uskayaw
  2877 | D:4      | Reached ** piety under Uskayaw
  2892 | D:4      | Reached skill level 6 in Unarmed Combat
  3019 | D:5      | Entered Level 5 of the Dungeon
  3019 | D:5      | Noticed Edmund
  3033 | D:5      | Killed Edmund
  3064 | D:5      | Noticed Pikel
  3088 | D:5      | Killed Pikel
  3088 | D:5      | Reached skill level 7 in Unarmed Combat
  3088 | D:5      | Reached XP level 8. HP: 17/75 MP: 7/7
  3088 | D:5      | Reached *** piety under Uskayaw
  3095 | D:5      | Reached **** piety under Uskayaw
  3102 | D:5      | Found a white marble altar of Elyvilon.
  3120 | D:5      | Found a radiant altar of Vehumet.
  3120 | D:5      | Found a hazy altar of Hepliaklqana.
  3533 | D:5      | Found a runed door.
  3537 | D:5      | Noticed Crazy Yiuf
  3542 | D:5      | Killed Crazy Yiuf
  3687 | D:6      | Reached skill level 8 in Unarmed Combat
  3716 | D:6      | Found a basalt altar of Yredelemnul.
  3775 | D:6      | Reached XP level 9. HP: 81/81 MP: 8/8
  4084 | D:6      | Identified the Volume of the Frostbite
  4256 | D:7      | Found a radiant altar of Vehumet.
  4332 | D:7      | Found a stormy altar of Qazlal.
  4362 | D:7      | Found Foemuen's Gadget Boutique.
  4462 | D:7      | HP: 1/81 [orc/club (6)]
  4618 | D:7      | Reached skill level 9 in Unarmed Combat
  4738 | D:7      | Noticed Menkaure
  4748 | D:7      | Killed Menkaure
  4791 | D:7      | Noticed an orc knight
  4793 | D:7      | Noticed an orc sorcerer
  4803 | D:7      | Noticed a smoke demon
  4839 | D:7      | Gained mutation: Armour fits poorly on your strangely shaped body. [a neqoxec]
  4888 | D:7      | Found a sacrificial altar of Ru.
  4970 | D:7      | Mangled by an orc knight

Skill      XL: |  1  2  3  4  5  6  7  8  9 |
---------------+----------------------------+-----
Fighting       | 3 |  3.0
Shields        | 3 4 6 7 8 |  8.7
Dodging        | 3 |  3.0
Unarmed Combat | 3 4 5 7 8 9 |  9.9
Stealth        | |  0.2

Action                   |  1- 3 |  4- 6 |  7- 9 || total
-------------------------+-------+-------+-------++-------
Melee: Unarmed           |    89 |   115 |   314 ||   518
Invok: Line Pass         |       |       |     5 ||     5
 Stab: Sleeping          |     3 |       |       ||     3
       Paralysed         |       |       |     9 ||     9
       Distracted        |       |       |     1 ||     1
  Eat: Chunk             |    15 |    11 |    26 ||    52
Armor: Robe              |    20 |    19 |    36 ||    75
Dodge: Dodged            |    30 |    27 |    58 ||   115
Block: Shield            |    33 |    54 |   117 ||   204
